 Dungeon Crawl Stone Soup version 0.14-a0-30-gf0b6e91 (webtiles) character file.

3499 Sachiko the Grappler (level 9, -3/84 HPs)
             Began as a Troll Monk on Sept 27, 2013.
             Slain by an unseen horror (4 damage)
             ... on Level 8 of the Dungeon.
             The game lasted 00:24:33 (5688 turns).

Sachiko the Grappler (Troll Monk)                   Turns: 5688, Time: 00:24:33

HP  -3/84        AC  5     Str 21      XL: 9   Next: 61%
MP   4/4         EV 15     Int  8      God:
Gold 362         SH  0     Dex 16      Spells:  0 memorised,  8 levels left

Res.Fire  : . . .   See Invis. : .     - Unarmed
Res.Cold  : + . .   Warding    : .   a - +0 robe
Life Prot.: . . .   Conserve   : .   (shield restricted)
Res.Poison: .       Res.Corr.  : .   (helmet restricted)
Res.Elec. : .       Clarity    : .   (no cloak)
Sust.Abil.: . .     Spirit.Shd : .   (gloves unavailable)
Res.Mut.  : .       Stasis     : +   (boots unavailable)
Res.Rott. : .       Flight     : .   c - amulet of stasis
Gourmand  : +                        t - ring of protection from cold
                                     k - +3 ring of dexterity

@: slightly resistant to hostile enchantments, fairly stealthy
A: unfitting armour, claws 3, fast metabolism 3, gourmand, regeneration 2,
saprovore 2, tough skin 2, AC +1
a: no special abilities


You were on level 8 of the Dungeon.
You were full.

You visited 2 branches of the dungeon, and saw 9 of its levels.

You collected 362 gold pieces.

Inventory:

Armour
 a - a +0 robe (worn)
Magical devices
 h - a wand of confusion (10)
 i - a wand of slowing (8)
 p - a wand of lightning (3) {unknown}
Comestibles
 b - 3 meat rations
 d - a slice of pizza
 f - an apple
 n - 4 bread rations
 q - a sausage
 z - a choko
Scrolls
 e - a scroll of amnesia
 g - 2 scrolls of enchant weapon I
 l - a scroll of fog
 m - a scroll of identify
 s - a scroll of curse jewellery {unknown}
Jewellery
 c - an amulet of stasis (around neck)
 k - a +3 ring of dexterity (left claw)
 o - an uncursed ring of protection from cold
 t - a ring of protection from cold (right claw)
 u - a cursed amulet of warding {unknown}
Potions
 j - a potion of restore abilities
 r - 4 potions of curing


   Skills:
 + Level 5.3 Fighting
 + Level 8.1 Dodging
 - Level 1.3 Stealth
 + Level 9.0 Unarmed Combat
 + Level 1.0 Evocations


You had 8 spell levels left.
You didn't know any spells.

Dungeon Overview and Level Annotations

Branches:
Dungeon (8/27)             Temple (1/1) D:4
    Orc: D:6-11        Lair: D:8-13

Altars:
Ashenzari
Fedhas
Kikubaaqudgha
Nemelex Xobeh
Okawaru
Sif Muna
Vehumet
Xom
Yredelemnul
Zin
the Shining One

Shops:
D:7 [

Annotations:
D:6 Sigmund


Innate Abilities, Weirdness & Mutations

You are too large for most types of armour.
You have claws for hands.
Your metabolism is lightning-fast.
You like to eat raw meat.
You heal very quickly.
You can eat rotten meat.
You are covered in fur (AC +1).
You have very tough skin (AC +2).


Message History

It hits you. It hits you!
* * * LOW HITPOINT WARNING * * *
It hits you.
* * * LOW HITPOINT WARNING * * *
It barely misses you. It hits you.
* * * LOW HITPOINT WARNING * * *
It hits you.
* * * LOW HITPOINT WARNING * * *
All of the chunks of flesh in your inventory have completely rotted away.
It hits you but does no damage. It hits you!
* * * LOW HITPOINT WARNING * * *
It hits you.
* * * LOW HITPOINT WARNING * * *
It hits you!
* * * LOW HITPOINT WARNING * * *
It hits you.
You die...

#...............#
#...............#
#...............#
#...............####
#...................
#...................
#...................
#...................
#..@................
#..................
#.................
#................
#...............
#<.............
#.............
#...§.........
#.§§§........


There were no monsters in sight!

Vanquished Creatures
  The ghost of VladTC the Changer, an experienced TeTm of Yredelemnul (D:7)
  Grinder (D:3)
  Eustachio (D:6)
  A hippogriff (D:7)
  Edmund (D:5)
  Menkaure (D:6)
  3 orc warriors
  A phantom (D:5)
  The ghost of oplop the Magician, an average DrEE (D:3)
  2 centaurs
  3 ogres (D:6)
  2 giant frogs
  A hippogriff zombie (D:5)
  2 crimson imps (D:6)
  2 hounds
  A goliath beetle (D:6)
  A centaur skeleton (D:7)
  4 orc priests
  A giant frog skeleton (D:4)
  2 iguanas (D:6)
  Crazy Yiuf (D:2)
  A quasit (D:6)
  6 orc wizards
  3 worker ants
  Ijyb (D:2)
  A worker ant zombie (D:6)
  11 adders
  3 gnolls (D:7)
  An inept feature mimic (D:7)
  A shadow imp (D:6)
  4 worms
  A grey rat (D:6)
  An iguana skeleton (D:6)
  6 giant geckos
  2 oozes
  34 orcs
  11 goblins
  11 hobgoblins
  13 kobolds
  3 quokkas
  3 ball pythons
  13 bats
  9 giant newts
  A goblin skeleton (D:5)
  23 jackals
  14 rats
  A rat skeleton (D:7)
211 creatures vanquished.

Notes
Turn   | Place    | Note
--------------------------------------------------------------
     0 | D:1      | Sachiko, the Troll Monk, began the quest for the Orb.
     0 | D:1      | Reached XP level 1. HP: 20/20 MP: 0/0
    91 | D:1      | Reached XP level 2. HP: 18/28 MP: 0/0
   414 | D:1      | Reached XP level 3. HP: 35/35 MP: 1/1
   623 | D:2      | Noticed Ijyb
   638 | D:2      | Killed Ijyb
   638 | D:2      | Reached skill level 5 in Unarmed Combat
   732 | D:2      | Reached XP level 4. HP: 42/44 MP: 1/1
   889 | D:2      | Noticed Crazy Yiuf
   896 | D:2      | Killed Crazy Yiuf
  1241 | D:3      | Reached XP level 5. HP: 47/50 MP: 1/1
  1611 | D:3      | Noticed oplop's ghost (average DrEE)
  1624 | D:3      | Killed oplop's ghost
  1684 | D:3      | Noticed Grinder
  1706 | D:3      | Reached XP level 6. HP: 37/59 MP: 2/2
  1732 | D:3      | Killed Grinder
  1732 | D:3      | Reached skill level 6 in Unarmed Combat
  1732 | D:3      | Reached XP level 7. HP: 44/67 MP: 2/2
  2015 | D:4      | Found a staircase to the Ecumenical Temple.
  2025 | Temple   | Entered the Ecumenical Temple
  2925 | D:5      | Entered Level 5 of the Dungeon
  2925 | D:5      | Noticed Edmund
  2950 | D:5      | Killed Edmund
  2950 | D:5      | Reached skill level 7 in Unarmed Combat
  2950 | D:5      | Reached skill level 1 in Evocations
  3005 | D:5      | Reached skill level 5 in Dodging
  3162 | D:5      | Reached XP level 8. HP: 76/76 MP: 3/3
  4073 | D:6      | Noticed Eustachio
  4107 | D:6      | Killed Eustachio
  4330 | D:6      | Noticed Menkaure
  4339 | D:6      | Killed Menkaure
  4339 | D:6      | Reached skill level 8 in Unarmed Combat
  4364 | D:6      | Noticed Sigmund
  4452 | D:6      | Reached XP level 9. HP: 80/84 MP: 4/4
  4595 | D:6      | Reached skill level 5 in Fighting
  4917 | D:7      | Found Yghoivanoxt's Antique Armour Shop.
  4998 | D:7      | Found a deep blue altar of Sif Muna.
  5093 | D:7      | Noticed VladTC's ghost (experienced TeTm)
  5101 | D:7      | Killed VladTC's ghost
  5173 | D:7      | Found a staircase to the Orcish Mines.
  5271 | D:7      | Reached skill level 9 in Unarmed Combat
  5373 | D:7      | Found an iron altar of Okawaru.
  5388 | D:7      | the staircase to the Orcish Mines was a mimic.
  5647 | D:8      | Found a radiant altar of Vehumet.
  5656 | D:8      | Found a glowing silver altar of Zin.
  5688 | D:8      | HP: 1/84 [something (12)]
  5688 | D:8      | Slain by an unseen horror

Action                   |  1- 3 |  4- 6 |  7- 9 || total
-------------------------+-------+-------+-------++-------
Melee: Unarmed           |    98 |   118 |   442 ||   658
Evoke: Wand              |       |       |     4 ||     4
  Use: Potion            |     1 |       |    12 ||    13
       Scroll            |     1 |     4 |     6 ||    11
 Stab: Sleeping          |     1 |     1 |     1 ||     3
